 Dungeon Crawl Stone Soup version 0.27-a0-1071-ga85bd9520d (webtiles) character file.

Game seed: 2310685502400086201

1184 leviel the Cleaver (level 8, -5/73 HPs)
             Began as a Minotaur Fighter on Apr 24, 2021.
             Was a Plaything of Xom.
             Slain by a wyvern zombie (9 damage)
             ... on level 6 of the Dungeon.
             The game lasted 00:09:08 (5017 turns).

leviel the Cleaver (Minotaur Fighter)               Turns: 5017, Time: 00:09:09

Health: -5/73      AC:  8    Str: 21 (24) XL:     8   Next: 19%
Magic:  7/7        EV:  7    Int: -1 (3)  God:    Xom [......]
Gold:   142        SH:  9    Dex:  8 (9)  Spells: 7/7 levels left

rFire    . . .     SeeInvis .   a - +0 war axe
rCold    . . .     Faith    .   c - +0 kite shield
rNeg     . . .     Spirit   .   o - +0 scale mail
rPois    .         Reflect  .   (helmet restricted)
rElec    .         Harm     .   (no cloak)
rCorr    .         Rampage  .   (no gloves)
Will     .....                  f - +0 pair of boots
Stlth    ..........             (no amulet)
HPRegen  0.22/turn              (no ring)
MPRegen  0.10/turn              (no ring)

@: marked, slowed, lost intelligence, very slow
A: horns 2, retaliatory headbutt, deterioration 1, dopey 1
a: Renounce Religion


You were on level 6 of the Dungeon.
You worshipped Xom.
You were a very special plaything of Xom.
You visited 1 branch of the dungeon, and saw 6 of its levels.

You collected 142 gold pieces.

Inventory:

Hand Weapons
 a - a +0 war axe (weapon)
 b - a +0 hunting sling of freezing
Missiles
 k - 166 stones (quivered)
Armour
 c - a +0 kite shield (worn)
 f - a +0 pair of boots (worn)
 o - a +0 scale mail (worn)
Jewellery
 j - a ring of fire
Wands
 n - a wand of acid (10)
Scrolls
 d - a scroll of amnesia {unknown}
 e - 4 scrolls of identify
 g - 2 scrolls of magic mapping
 i - 2 scrolls of teleportation
 p - a scroll of noise {unknown}
Potions
 h - 2 potions of haste
Miscellaneous
 m - a lightning rod (4/4)


   Skills:
 - Level 7.1 Fighting
 + Level 9.3 Axes
 - Level 4.8 Armour
 - Level 4.7 Shields


You had 7 spell levels left.
You didn't know any spells.
Your spell library was empty.

Dungeon Overview and Level Annotations

Branches:
Dungeon (6/15)
 Temple: D:4-7

Altars:
Vehumet
Xom

Shops:
D:6 (

Annotations:
D:6 Duvessa


Innate Abilities, Weirdness & Mutations

You have a pair of horns on your head.
You reflexively headbutt those who attack you in melee.
Your body sometimes deteriorates upon taking damage.
You are dopey. (Int -2)


Message History

Duvessa is moderately wounded.
You barely miss the wyvern zombie. Duvessa hits you with a +0 rapier.
The wyvern zombie completely misses you.
Duvessa hits you with a +0 rapier! The wyvern zombie bites you!
You hit Duvessa but do no damage.
Duvessa is moderately wounded.
You hit the wyvern zombie but do no damage.
The wyvern zombie bites you. Duvessa hits you with a +0 rapier.
The wyvern zombie bites you!
Duvessa grits her teeth and focuses.
Duvessa hits you with a +0 rapier.
* * * LOW HITPOINT WARNING * * *
You hit Duvessa but do no damage.
Duvessa is moderately wounded.
You hit the wyvern zombie. You block the wyvern zombie's attack.
You block Duvessa's attack. The wyvern zombie closely misses you.
Duvessa closely misses you. The wyvern zombie bites you!
* * * LOW HITPOINT WARNING * * *
Your body deteriorates!
You feel dopey.
You hit Duvessa but do no damage.
Duvessa is moderately wounded.
You hit the wyvern zombie.
A hornet zombie comes into view.
The wyvern zombie bites you but does no damage.
Duvessa barely misses you. You block the wyvern zombie's attack.
Duvessa hits you with a +0 rapier.
* * * LOW HITPOINT WARNING * * *
You hit Duvessa. You headbutt Duvessa, but do no damage.
Duvessa is moderately wounded.
You hit the wyvern zombie but do no damage.
The wyvern zombie barely misses you. You block Duvessa's attack.
The wyvern zombie bites you but does no damage.
Duvessa hits you but does no damage.
You hit Duvessa but do no damage.
Duvessa is moderately wounded.
You hit the wyvern zombie but do no damage. "Time to have some fun!"
The wyvern zombie barely misses you. The wyvern zombie bites you!
You die...
Xom chortles!

#. #.#.....#
##.##.......#
............#
#..........#
.......?..##
#.........#
#....ZZe..#
#..[.÷5@..#
#.....?...#
#....[....#
#...∩(....#
#.........#
#.........#
#....>....#
#.........#
##.......##


You could see Duvessa, a quasit (summoned), a wyvern zombie and a hornet zombie.

Vanquished Creatures
  Grinder (D:4)
  2 ice beasts
  A black bear (D:5)
  A necrophage (D:4)
  A phantom (D:5)
  Dowan (D:6)
  A centaur zombie (D:4)
  A hound (D:5)
  A centaur skeleton (D:5)
  Ijyb (D:4)
  2 bullfrog skeletons
  3 iguanas
  A hound skeleton (D:4)
  Robin (D:3)
  6 gnolls
  7 adders
  A white imp (D:5)
  An adder skeleton (D:4)
  3 worms (D:3)
  5 dart slugs
  3 orcs
  7 endoplasms
  2 giant cockroaches
  17 goblins
  9 hobgoblins
  9 jackals
  5 kobolds
  A quokka (D:4)
  4 ball pythons
  8 bats
  6 rats
112 creatures vanquished.

Notes
Turn   | Place    | Note
-------+----------+-------------------------------------------
     0 | D:1      | leviel the Minotaur Fighter began the quest for the Orb.
     0 | D:1      | Reached XP level 1. HP: 19/19 MP: 0/0
   188 | D:1      | Reached XP level 2. HP: 27/27 MP: 1/1
   258 | D:1      | Found a faded altar of an unknown god.
   355 | D:1      | Became a worshipper of Xom of Chaos
   510 | D:1      | XOM: silly message
   942 | D:2      | XOM: smoke on damage
   978 | D:2      | Reached skill level 3 in Axes
   978 | D:2      | Reached XP level 3. HP: 33/33 MP: 2/2
  1091 | D:2      | Noticed an ice beast
  1095 | D:2      | XOM: cast spell 'Summon Small Mammal'
  1098 | D:2      | XOM: noise
  1101 | D:2      | Killed an ice beast
  1102 | D:2      | Reached XP level 4. HP: 19/41 MP: 3/3
  1102 | D:2      | Reached XP level 5. HP: 21/47 MP: 4/4
  1120 | D:2      | XOM: silly message
  1284 | D:2      | XOM is BORED!
  1284 | D:2      | XOM: noise
  1653 | D:2      | XOM: silly message
  2036 | D:3      | Reached skill level 4 in Axes
  2134 | D:3      | Found a shimmering altar of Xom.
  2331 | D:3      | Found a radiant altar of Vehumet.
  2331 | D:3      | Noticed Robin
  2337 | D:3      | Reached skill level 5 in Fighting
  2348 | D:3      | Killed Robin
  2377 | D:3      | XOM is BORED!
  2478 | D:3      | XOM: god gift: 17 stones
  2538 | D:3      | XOM: silly message
  2872 | D:3      | XOM: god gift: lightning rod (4/4)
  3007 | D:4      | Noticed Ijyb
  3010 | D:4      | Killed Ijyb
  3097 | D:4      | XOM: 1-stop teleportation journey
  3129 | D:4      | Reached XP level 6. HP: 56/56 MP: 5/5
  3210 | D:4      | Noticed Grinder
  3220 | D:4      | XOM: confuse monster(s)
  3449 | D:5      | Entered Level 5 of the Dungeon
  3505 | D:5      | Reached skill level 5 in Axes
  3545 | D:5      | Identified the +0 scale mail of Gluttony {rElec}
  3564 | D:5      | XOM: smoke on damage
  3569 | D:5      | XOM: enchant monster (good)
  3571 | D:5      | XOM: potion effect (berserk rage)
  3587 | D:5      | HP: 2/57 [gnoll/+0 spear (1)]
  3592 | D:5      | HP: 2/57 [gnoll/stone (2)]
  3594 | D:5      | XOM: noise
  3795 | D:4      | XOM: 3-stop teleportation journey
  3810 | D:4      | Paralysed by Grinder for 4 turns
  3821 | D:4      | Killed Grinder
  3822 | D:4      | Reached skill level 6 in Axes
  3822 | D:4      | Reached XP level 7. HP: 6/66 MP: 6/6
  3842 | D:4      | XOM: cloud trail
  3868 | D:4      | XOM: cast spell 'Metabolic Englaciation'
  3876 | D:4      | XOM: enchant monster (bad)
  3922 | D:4      | XOM: noise
  4007 | D:4      | XOM: confusion
  4015 | D:4      | Reached skill level 7 in Axes
  4117 | D:4      | XOM: silly message
  4141 | D:4      | XOM: give mutations
  4141 | D:4      | Gained mutation: You are dopey. (Int -2) [Xom's mischief]
  4141 | D:4      | Gained mutation: Your body sometimes deteriorates upon
                  | taking damage. [Xom's mischief]
  4173 | D:4      | You fall into a shaft and drop 1 floor!
  4189 | D:5      | Reached skill level 8 in Axes
  4196 | D:5      | XOM: cleaving
  4198 | D:5      | Reached XP level 8. HP: 29/73 MP: 7/7
  4212 | D:5      | XOM: fog
  4484 | D:5      | XOM: fog
  4488 | D:5      | Reached skill level 9 in Axes
  4492 | D:5      | XOM: god gift: scroll of teleportation
  4812 | D:6      | Found Muobb's Weapon Boutique.
  4812 | D:6      | XOM: 1-stop teleportation journey
  4813 | D:6      | Noticed Duvessa
  4813 | D:6      | Noticed Dowan
  4819 | D:6      | Killed Dowan
  4822 | D:6      | XOM: confuse monster(s)
  4824 | D:6      | XOM: scenery: summon butterflies
  4828 | D:6      | Lost intelligence.
  4831 | D:6      | XOM: confuse monster(s)
  4968 | D:5      | XOM: noise
  5010 | D:6      | XOM: noise
  5017 | D:6      | XOM: summons 1 hostile demon
  5017 | D:6      | Slain by a wyvern zombie

Illustrated notes

Levels and vault maps discovered:
D:1:      sevenhm_arrival_forest_fort_small_6, layout_loops_ring,
          hellmonk_ecumenical_altar_dog_temple
D:2:      layout_basic, st_stairs_12
D:3:      layout_basic, nicolae_vehumet_altar_sigil, lemuel_doored_altar,
          minmay_goblin_outpost, uniq_robin
D:4:      layout_loops_ring, uniq_grinder, uniq_ijyb
D:5:      layout_basic, roderic_roman_lattice
D:6:      layout_rooms, cheibrodos_worm_habitat, kennysheep_mini, serial_shops,
          shop, uniq_duvessa

Skill      XL: |  1  2  3  4  5  6  7  8 |
---------------+-------------------------+-----
Fighting       | 4 5 7 |  7.1
Shields        | 4 |  4.7
Armour         | 4 |  4.8
Axes           | 3 4 6 8 9 |  9.3

Action                   |  1- 3 |  4- 6 |  7- 9 || total
-------------------------+-------+-------+-------++-------
Melee: War axe           |    78 |   106 |    74 ||   258
       Headbutt          |     6 |    24 |    16 ||    46
Evoke: Lightning rod     |       |     3 |       ||     3
  Use: Scroll            |       |     5 |       ||     5
       Potion            |       |     3 |     2 ||     5
Armor: Scale mail        |    51 |    48 |    33 ||   132
Dodge: Dodged            |    29 |    30 |    22 ||    81
Block: Kite shield       |    49 |    63 |    49 ||   161

Table legend: (Time is in decaauts)
 A = Elapsed time spent in this place.
 B = Non-inter-level travel time spent in this place.
 C = Inter-level travel time spent in this place.
 D = Time resting spent in this place.
 E = Time spent auto-exploring this place.
 F = Levels seen in this place.
 G = Mean time per level.
                   A        B        C        D        E       F      G
               +--------+--------+--------+--------+--------+-----+--------+
         Total |   5203 |   5059 |    144 |    736 |   3439 |   6 |  867.2 |
       Dungeon |   5203 |   5059 |    144 |    736 |   3439 |   6 |  867.2 |
               +--------+--------+--------+--------+--------+-----+--------+

Top non-repeatable levels by time:
     D:3: 1243 daAuts
     D:2: 1077 daAuts
     D:5: 1062 daAuts
     D:1: 944 daAuts
     D:4: 830 daAuts
     D:6: 47 daAuts
